[Event "Titled Tuesday Blitz April 26 Late 2022"]
[White "Zlatin, Alexander"]
[Black "Kozin, Yuri"]
[WhiteFideId "2810549"]
[BlackFideId "4129920"]
[WhiteElo "2228"]
[BlackElo "2560"]
[Result "0-1"]
[Round "05"]
[TimeControl "180+1"]
[Date "2022.04.26"]
[WhiteClock "0:00:01"]
[BlackClock "0:00:21"]

1. d4 d5 2. Nc3 e6 3. Bf4 Bd6 4. e3 Bxf4 5. exf4 Nf6 6. Nf3 O-O 7. Qd2 b6 8. h4 c5 9. h5 Ne4 10. Qe3 Nxc3 11. bxc3 cxd4 12. cxd4 Qc7 13. h6 g6 14. Be2 Ba6 15. O-O Bxe2 16. Qxe2 Qxf4 17. c4 dxc4 18. Qxc4 Nd7 19. Rac1 Nf6 20. Ne5 Qxh6 21. Qc7 Nd5 22. Qb7 Qf4 23. Rfd1 h5 24. g3 Qf5 25. Nc6 h4 26. gxh4 Qg4+ 27. Kf1 Qh3+ 28. Ke1 Qxh4 29. Rd3 Qe4+ 30. Kd2 Qf4+ 31. Kc2 Rac8 32. Kb1 Qf5 33. Rd1 Kg7 34. Ka1 Nf4 35. Rc3 Qe4 36. Rdc1 Ne2 37. Re3 Qf4 38. Re1 Nxd4 39. Re4 Nc2+ 40. Kb2 Qd2 41. R4e2 Qxe1 42. Rxe1 Nxe1 0-1


[Site "https://www.chess.com"]

[Event "Titled Tuesday Blitz April 26 Late 2022"]
[White "Aigner, Michael"]
[Black "Ezat, Mohamed"]
[WhiteFideId "2017288"]
[BlackFideId "10600906"]
[WhiteElo "2396"]
[BlackElo "2386"]
[Result "0-1"]
[Round "06"]
[TimeControl "180+1"]
[Date "2022.04.26"]
[WhiteClock "0:00:01"]
[BlackClock "0:00:20"]

1. e4 d5 2. exd5 c6 3. d4 cxd5 4. Nf3 Bg4 5. Be2 e6 6. Ne5 Bxe2 7. Qxe2 Nc6 8. c3 Nf6 9. Bf4 Bd6 10. Nd2 O-O 11. O-O Qc7 12. Rfe1 Rfe8 13. h3 h6 14. g4 Rab8 15. f3 b5 16. a3 Na5 17. Kg2 Nc4 18. Rab1 a5 19. h4 Nxd2 20. Qxd2 b4 21. axb4 axb4 22. g5 hxg5 23. hxg5 Nh5 24. Bh2 bxc3 25. bxc3 Rxb1 26. Rxb1 Rc8 27. Rc1 g6 28. Rc2 Ng7 29. Kh3 Nf5 30. Ng4 Kg7 31. Be5+ Bxe5 32. Nxe5 Rh8+ 33. Kg2 Qb6 34. Ng4 Qb5 35. Qe2 Qxe2+ 36. Rxe2 Rc8 37. Ra2 Rxc3 38. Ra7 Ne3+ 39. Nxe3 Rxe3 40. Kg3 Rd3 41. Ra4 Rc3 42. Kf4 Kf8 43. Ra8+ Ke7 44. Ra7+ Ke8 45. Ra8+ Kd7 46. Ra7+ Rc7 47. Ra4 Rc4 48. Ra7+ Kd6 49. Ra6+ Kc7 50. Ra7+ Kd6 51. Ra6+ Rc6 52. Ra7 Rc7 53. Ra6+ Ke7 54. Ke5 Rb7 55. Ra4 Rb3 56. Ra7+ Kf8 0-1


[Site "https://www.chess.com"]

[Event "Titled Tuesday Blitz April 26 Late 2022"]
[White "Alekseenko, Kirill"]
[Black "Moiseenko, Alexander"]
[WhiteFideId "4135539"]
[BlackFideId "14102560"]
[WhiteElo "2682"]
[BlackElo "2577"]
[Result "0-1"]
[Round "06"]
[TimeControl "180+1"]
[Date "2022.04.26"]
[WhiteClock "0:00:10"]
[BlackClock "0:00:06"]

1. e4 c5 2. Nf3 Nc6 3. d4 cxd4 4. Nxd4 Nf6 5. Nc3 e5 6. Ndb5 d6 7. Bg5 a6 8. Na3 b5 9. Nd5 Be7 10. Bxf6 Bxf6 11. c4 b4 12. Nc2 O-O 13. g3 a5 14. Bg2 g6 15. O-O Bg7 16. Qd3 Be6 17. Rad1 Ra7 18. b3 Qb8 19. Nde3 Rd8 20. f4 exf4 21. gxf4 a4 22. Kh1 axb3 23. axb3 Ra2 24. Rd2 Bc3 25. Rdf2 Qa7 26. f5 Ne5 27. Qd1 Bc8 28. Nd5 Bb7 29. Ne7+ Kg7 30. Qc1 Nd3 31. f6+ Kh8 32. Qh6 Nxf2+ 33. Rxf2 Bxf6 34. Rxf6 Bxe4 35. Bxe4 Qxe7 36. Qh4 Re8 37. Bd3 Kg7 38. Rf4 Qxh4 39. Rxh4 Rb2 40. Rd4 Rxb3 41. Kg2 Rb2 42. Kf3 b3 43. Ne3 Rxh2 44. Kg3 Rd2 45. Nf1 Rd1 46. Kf2 b2 47. Ne3 Rxd3 48. Rxd3 b1=Q 49. Rd2 Qe4 50. Re2 Qf4+ 51. Kg2 Rxe3 0-1


[Site "https://www.chess.com"]

[Event "Titled Tuesday Blitz April 26 Late 2022"]
[White "Ansh M Shah"]
[Black "Mikhalsky, Vladimir"]
[WhiteFideId "25033379"]
[BlackFideId "14144352"]
[WhiteElo "1819"]
[BlackElo "2301"]
[Result "1-0"]
[Round "06"]
[TimeControl "180+1"]
[Date "2022.04.26"]
[WhiteClock "0:00:42"]
[BlackClock "0:00:08"]

1. d4 Nf6 2. c4 g6 3. Nf3 Bg7 4. g3 O-O 5. Bg2 c5 6. O-O d6 7. dxc5 dxc5 8. Qxd8 Rxd8 9. Be3 Na6 10. h3 Ne4 11. Nbd2 Bf5 12. g4 Nxd2 13. Nxd2 Bc8 14. Rad1 Bxb2 15. Nb3 Be6 16. Bxb7 Bxc4 17. Rb1 Rab8 18. Bxa6 Bxa6 19. Rxb2 c4 20. Bxa7 Rb7 21. Bc5 cxb3 22. Rxb3 Rxb3 23. axb3 Bxe2 24. Re1 Bf3 25. Bxe7 Rd3 26. Bf6 Bc6 27. Re3 Rxe3 28. fxe3 Kf8 29. Kf2 Ke8 30. Kg3 Kd7 31. Kf4 Ke6 32. Bc3 Bg2 33. h4 h5 34. gxh5 gxh5 35. b4 Kd5 36. Bd4 Kc4 37. Bc5 Kd5 38. Kg5 Bf3 39. Kf6 Kc6 40. Kxf7 Kd5 41. Ke7 Kc6 42. Ke6 Kb5 43. Ke5 Kc4 44. Kf4 Bg2 45. e4 Kd3 46. e5 Kc4 47. Kf5 Kd5 48. Kf6 Bh3 49. Bf2 Bd7 50. Bg3 Bc8 51. b5 Bd7 52. b6 Bc8 53. e6 Kc6 54. e7 Bd7 55. Kf7 Kxb6 56. e8=Q Bxe8+ 57. Kxe8 Kc6 58. Kf7 Kd7 59. Kg6 Ke8 60. Kxh5 Kf7 61. Kg5 Kg8 62. Be5 Kh7 63. h5 Kg8 64. Kg6 Kf8 65. Bf6 Kg8 66. h6 Kf8 67. h7 1-0


[Site "https://www.chess.com"]

[Event "Titled Tuesday Blitz April 26 Late 2022"]
[White "Atanejhad, Sahebali"]
[Black "Djokic, Mihailo"]
[WhiteFideId "12506664"]
[BlackFideId "976440"]
[WhiteElo "1953"]
[BlackElo "2202"]
[Result "1-0"]
[Round "06"]
[TimeControl "180+1"]
[Date "2022.04.26"]
[WhiteClock "0:00:56"]
[BlackClock "0:01:01"]

1. e3 e5 2. Nf3 e4 3. Nd4 c5 4. Nb3 d5 5. d3 exd3 6. cxd3 Nc6 7. Be2 Nf6 8. O-O Ke7 9. Nxc5 Ke8 10. d4 Bd6 11. Nd2 h5 12. Nf3 Qe7 13. a3 Bxc5 14. dxc5 Qxc5 15. b4 Qe7 16. Bb2 Be6 17. Nd4 Nxd4 18. Qxd4 Kf8 19. Rac1 h4 20. Qe5 h3 21. g3 Rc8 22. Rxc8+ Bxc8 23. Qb8 Qe8 24. Rc1 Bd7 25. Qxb7 Qe4 26. Bf1 Bg4 27. Qxa7 Be2 28. Qd4 Bxf1 29. Qxe4 dxe4 30. Kxf1 Ke7 31. Rc7+ Nd7 32. Bxg7 Ra8 33. Bb2 Ke6 34. Rc6+ Kd5 35. Rh6 Kc4 36. Rxh3 Kb3 37. Bd4 Kxa3 38. b5 Kb4 39. b6 Kc4 40. Rh7 Rf8 41. b7 Kd5 42. Ba7 Kc6 43. b8=Q Nxb8 44. Bxb8 Rxb8 45. Rxf7 Kd6 46. Rf4 Ke5 47. Kg2 Rb1 48. h4 Rb8 49. h5 Rh8 50. g4 Rg8 51. Kg3 Rc8 52. h6 Rc1 53. Kg2 Rc7 54. g5 Rh7 55. Kg3 Rh8 56. Kg4 Rh7 57. Kh5 Rh8 58. g6 1-0


[Site "https://www.chess.com"]

[Event "Titled Tuesday Blitz April 26 Late 2022"]
[White "BM223344"]
[Black "Vlassov, Nikolai"]
[BlackFideId "4103360"]
[WhiteElo "2445"]
[BlackElo "2407"]
[Result "0-1"]
[Round "06"]
[TimeControl "180+1"]
[Date "2022.04.26"]
[WhiteClock "0:01:42"]
[BlackClock "0:02:00"]

1. d4 Nf6 2. c4 Nc6 3. Nc3 e5 4. d5 Ne7 5. e4 Ng6 6. Bd3 Bc5 7. Nge2 Ng4 8. Rf1 Nxh2 9. Be3 Bxe3 10. fxe3 Nxf1 11. Kxf1 d6 12. Ng1 O-O 13. Qf3 f5 14. exf5 Bxf5 15. Bxf5 Nh4 16. Qh3 Nxf5 17. Ke2 Qh4 18. Qxh4 Nxh4 19. Nf3 Nxf3 20. gxf3 Rf5 21. Rg1 Raf8 22. Rg3 Rh5 23. Kd3 a6 24. a4 Rh2 25. Ne2 h5 26. f4 h4 27. Rg6 e4+ 28. Kd2 h3 29. Rg3 Rf6 30. Ke1 Rxe2+ 31. Kxe2 h2 0-1


[Site "https://www.chess.com"]

[Event "Titled Tuesday Blitz April 26 Late 2022"]
[White "Bachmann, Axel"]
[Black "Akrakan"]
[WhiteFideId "3700488"]
[WhiteElo "2587"]
[BlackElo "2111"]
[Result "1-0"]
[Round "06"]
[TimeControl "180+1"]
[Date "2022.04.26"]
[WhiteClock "0:00:29"]
[BlackClock "0:00:34"]

1. d4 d5 2. Nf3 Nf6 3. g3 e6 4. c4 Be7 5. Bg2 O-O 6. O-O c5 7. cxd5 exd5 8. a3 cxd4 9. Nxd4 Nc6 10. b4 Be6 11. Bb2 Rc8 12. Nc3 Qd7 13. Nxe6 fxe6 14. Rc1 Ng4 15. e4 d4 16. Qxg4 dxc3 17. Bxc3 Bf6 18. Rfd1 Qe7 19. Bh3 Rce8 20. f4 Bxc3 21. Rxc3 Qf6 22. e5 Qh6 23. Rd7 Rf7 24. Rxf7 Kxf7 25. b5 Nd4 26. Rc7+ Re7 27. Rxe7+ Kxe7 28. a4 Ne2+ 29. Qxe2 Qxh3 30. Qf3 Kf7 31. Qxb7+ Kg6 32. Qe4+ Kh6 33. f5 exf5 34. Qh4+ Qxh4 35. gxh4 1-0


[Site "https://www.chess.com"]

[Event "Titled Tuesday Blitz April 26 Late 2022"]
[White "Barria Zuniga, Daniel"]
[Black "Xiong, Jeffery"]
[WhiteFideId "3400816"]
[BlackFideId "2047640"]
[WhiteElo "2414"]
[BlackElo "2727"]
[Result "0-1"]
[Round "06"]
[TimeControl "180+1"]
[Date "2022.04.26"]
[WhiteClock "0:00:34"]
[BlackClock "0:01:05"]

1. c4 g6 2. d4 c5 3. d5 b5 4. e4 Bg7 5. cxb5 a6 6. Nc3 d6 7. Nf3 Nf6 8. a4 O-O 9. Qc2 e6 10. dxe6 Bxe6 11. Be2 axb5 12. Bxb5 Na6 13. O-O Nb4 14. Qe2 h6 15. Rd1 Bb3 16. Rd2 Qc7 17. Bc4 Bxc4 18. Qxc4 Qc6 19. e5 d5 20. Qh4 Ne4 21. Rd1 g5 22. Qg4 f5 23. Qh5 d4 24. Ne2 Nc2 25. Ra2 Rxa4 26. Rxa4 Qxa4 27. Rf1 Qc4 28. Ng3 Nxg3 29. hxg3 Qf7 30. Qh2 Rb8 31. Bxg5 hxg5 32. Nxg5 Qg6 33. f4 Ne3 34. Ra1 d3 0-1


[Site "https://www.chess.com"]

[Event "Titled Tuesday Blitz April 26 Late 2022"]
[White "Bas Mas, Jose Joaquin"]
[Black "Manukyan, Artyom"]
[WhiteFideId "22219064"]
[BlackFideId "13305786"]
[WhiteElo "2212"]
[BlackElo "2034"]
[Result "1-0"]
[Round "06"]
[TimeControl "180+1"]
[Date "2022.04.26"]
[WhiteClock "0:00:38"]
[BlackClock "0:01:13"]

1. e4 c5 2. Nc3 Nc6 3. Bb5 Nd4 4. Nf3 a6 5. Bc4 e6 6. Nxd4 cxd4 7. Ne2 b5 8. Bb3 Qb6 9. d3 g6 10. O-O Bg7 11. f3 Ne7 12. Qe1 O-O 13. Qh4 Nc6 14. a3 Qc5 15. Bd2 a5 16. a4 b4 17. Rae1 Ba6 18. Ng3 Qe7 19. Bg5 f6 20. Bh6 g5 21. Qh3 Rac8 22. Bxg7 Qxg7 23. Nf5 Qg6 24. Nd6 Rc7 25. f4 g4 26. Qg3 Qg7 27. f5 Ne5 28. fxe6 dxe6 29. Bxe6+ Kh8 30. Bb3 Qg5 31. Rf5 Qg6 32. Qxe5 1-0


[Site "https://www.chess.com"]

[Event "Titled Tuesday Blitz April 26 Late 2022"]
[White "Bluebaum, Matthias"]
[Black "Siddharth, Jagadeesh"]
[WhiteFideId "24651516"]
[BlackFideId "5818320"]
[WhiteElo "2550"]
[BlackElo "2127"]
[Result "1-0"]
[Round "06"]
[TimeControl "180+1"]
[Date "2022.04.26"]
[WhiteClock "0:01:47"]
[BlackClock "0:00:30"]

1. d4 d5 2. c4 e6 3. Nc3 Nf6 4. cxd5 Nxd5 5. e4 Nxc3 6. bxc3 c5 7. Rb1 Be7 8. Bc4 O-O 9. Ne2 b6 10. O-O Bb7 11. Ng3 Nc6 12. Be3 cxd4 13. cxd4 Na5 14. Bd3 Rc8 15. d5 Nc4 16. Bd4 exd5 17. e5 g6 18. Nf5 gxf5 19. Bxf5 Rc6 20. e6 Bg5 21. Qh5 h6 22. f4 Bc8 23. fxg5 Qxg5 24. Bh7+ Kxh7 25. Rxf7+ 1-0


[Site "https://www.chess.com"]

[Event "Titled Tuesday Blitz April 26 Late 2022"]
[White "Buchenau, Frank"]
[Black "Romero Ruscalleda, Josep"]
[WhiteFideId "4604350"]
[BlackFideId "2231859"]
[WhiteElo "2193"]
[BlackElo "2313"]
[Result "0-1"]
[Round "06"]
[TimeControl "180+1"]
[Date "2022.04.26"]
[WhiteClock "0:00:04"]
[BlackClock "0:00:05"]

1. e4 g6 2. d4 Bg7 3. Nc3 d6 4. Nf3 a6 5. Bc4 Nf6 6. e5 dxe5 7. Nxe5 O-O 8. O-O Nbd7 9. Bf4 Nb6 10. Bb3 Nbd5 11. Nxd5 Nxd5 12. Bg3 Be6 13. c4 Nb6 14. d5 Bf5 15. Qe2 Nd7 16. Rfe1 Nc5 17. Bc2 Bxc2 18. Qxc2 a5 19. Rad1 a4 20. h4 f6 21. Nf3 f5 22. Be5 Bxe5 23. Rxe5 Ne4 24. Ng5 Nxg5 25. hxg5 Ra6 26. Qe2 Rf7 27. Re1 Kf8 28. c5 Ra5 29. Qc4 b6 30. c6 Qd6 31. Qd4 Kg8 32. g3 Rc5 33. R1e2 b5 34. Kh2 Rxc6 35. Re6 Rc4 36. Qa7 Qxd5 37. Qb8+ Rf8 38. Qa7 Rc1 39. f3 Qd1 40. Kh3 Qf1+ 41. Rg2 Qxf3 42. Qd4 Rh1+ 43. Rh2 Qh5+ 44. Qh4 Qxh4+ 45. gxh4 Rxh2+ 46. Kxh2 Kf7 47. Rc6 Rc8 48. Kg3 e5 49. Rc5 Ke6 50. Rxb5 c6 51. Rb4 e4 52. Kf4 c5 53. Rxa4 Rb8 54. Ra6+ Kd5 55. b3 Rb4 56. Ra7 Rd4 57. Rd7+ Ke6 58. Rxh7 Rd3 59. h5 Rf3# 0-1


[Site "https://www.chess.com"]

[Event "Titled Tuesday Blitz April 26 Late 2022"]
[White "Caruana, Fabiano"]
[Black "Moussard, Jules"]
[WhiteFideId "2020009"]
[BlackFideId "642908"]
[WhiteElo "2744"]
[BlackElo "2589"]
[Result "1-0"]
[Round "06"]
[TimeControl "180+1"]
[Date "2022.04.26"]
[WhiteClock "0:00:21"]
[BlackClock "0:00:09"]

1. c4 e6 2. Nc3 d5 3. d4 a6 4. cxd5 exd5 5. Nf3 Nf6 6. Bf4 Bd6 7. Bg3 O-O 8. e3 Nc6 9. Bd3 Bxg3 10. hxg3 Re8 11. a3 h6 12. Qc2 Qd6 13. Ne2 Ne4 14. Nf4 Bg4 15. O-O Rad8 16. Rac1 Re7 17. Bxa6 Nxd4 18. Nxd4 Qxa6 19. f3 Nxg3 20. fxg4 Nxf1 21. Rxf1 Qb6 22. Nf5 Re5 23. Qf2 Rf8 24. Nh5 g6 25. Nxh6+ Kh7 26. Nf6+ Kg7 27. Nd7 Qxe3 28. Nxe5 Qxf2+ 29. Rxf2 f6 30. g5 fxe5 31. Rxf8 Kxf8 32. Ng4 e4 33. Ne5 e3 34. Nxg6+ Kf7 35. Nf4 d4 36. Kf1 c5 37. b3 b5 38. Ke2 c4 39. bxc4 bxc4 40. a4 1-0


[Site "https://www.chess.com"]

[Event "Titled Tuesday Blitz April 26 Late 2022"]
[White "Chuemsakul, Sarocha"]
[Black "Romanchuk, Viktor"]
[WhiteFideId "6203710"]
[BlackFideId "14109271"]
[WhiteElo "1703"]
[BlackElo "2242"]
[Result "1-0"]
[Round "06"]
[TimeControl "180+1"]
[Date "2022.04.26"]
[WhiteClock "0:00:17"]
[BlackClock "0:00:12"]

1. d4 d5 2. c4 c6 3. e3 Nf6 4. Nf3 e6 5. Nc3 Nbd7 6. Bd3 Be7 7. O-O O-O 8. cxd5 exd5 9. a3 a5 10. Rb1 Re8 11. Qc2 h6 12. b3 Bd6 13. Bb2 Qe7 14. Ra1 Ne4 15. Ne2 Ndf6 16. Ne5 Be6 17. f3 Ng5 18. Nf4 Bc8 19. Rfe1 Ne6 20. Nxe6 Bxe6 21. Qc1 Nd7 22. f4 Nxe5 23. fxe5 Bc7 24. Qd1 f6 25. exf6 Qxf6 26. Qf3 Rf8 27. Qxf6 Rxf6 28. Rf1 Raf8 29. Rxf6 Rxf6 30. b4 Bf5 31. Bxf5 Rxf5 32. Bc3 a4 33. b5 cxb5 34. Rb1 Bd6 35. Bb4 Bxb4 36. Rxb4 Rf6 37. Rxb5 Rc6 38. Rxb7 Rc3 39. Kf2 Rxa3 40. Rd7 Rb3 41. Rxd5 a3 42. Ra5 Rb2+ 43. Kf3 a2 44. Ra7 Kf8 45. e4 Ke8 46. d5 Kd8 47. e5 Kc8 48. e6 Kb8 49. Ra5 Kc7 50. e7 Kd7 51. Ra7+ Ke8 52. d6 Rd2 53. Ra8+ Kf7 54. e8=Q+ Kf6 55. Qe7+ Kg6 56. Qe4+ Kf6 57. Qf4+ Ke6 58. Qxd2 1-0


[Site "https://www.chess.com"]

[Event "Titled Tuesday Blitz April 26 Late 2022"]
[White "Czopor, Maciej"]
[Black "Richter, Nils"]
[WhiteFideId "21805431"]
[BlackFideId "12990809"]
[WhiteElo "1999"]
[BlackElo "2243"]
[Result "1-0"]
[Round "06"]
[TimeControl "180+1"]
[Date "2022.04.26"]
[WhiteClock "0:00:04"]
[BlackClock "0:00:08"]

1. d4 e6 2. c4 b6 3. Nc3 Bb4 4. Qb3 Bxc3+ 5. Qxc3 Nf6 6. f3 d5 7. e3 O-O 8. Nh3 Nbd7 9. Nf2 c5 10. dxc5 Nxc5 11. b4 Ncd7 12. Bb2 Bb7 13. cxd5 Rc8 14. Qd4 e5 15. Qd2 Nxd5 16. e4 N5f6 17. Rd1 Qe7 18. Bd3 a5 19. a3 axb4 20. axb4 Rfd8 21. O-O Nf8 22. Qe3 N6d7 23. b5 Nc5 24. Be2 Na4 25. Ba1 Ng6 26. g3 h5 27. h4 Nf8 28. Nd3 f6 29. Nb2 Nxb2 30. Bxb2 Rxd1 31. Rxd1 Qc5 32. Qxc5 Rxc5 33. Ba3 Rc2 34. Rd8 Rxe2 35. Rxf8+ Kh7 36. Rb8 Ra2 37. Bd6 Rd2 38. Bc7 Rd7 39. Rxb7 Kg6 40. Ra7 Rd1+ 41. Kf2 Rb1 42. Bxb6 Rxb5 43. Be3 Rb2+ 44. Kf1 Rb1+ 45. Kg2 Rb2+ 46. Bf2 Rc2 47. Rd7 Rb2 48. Kf1 Ra2 49. Ke1 Rb2 50. Rd2 Rb3 51. Ke2 Kf7 52. Be3 g6 53. Rd3 Rb2+ 54. Bd2 f5 55. Rd6 fxe4 56. fxe4 Rb3 57. Be3 Rb2+ 58. Kf3 Rb1 59. Bg5 Rf1+ 60. Ke2 Ra1 61. Rf6+ Kg7 62. Re6 Ra5 63. Re7+ Kf8 64. Rd7 Ra2+ 65. Kf3 Ra3+ 66. Ke2 Ra2+ 67. Kf3 Ra3+ 68. Be3 Ke8 69. Rg7 Ra6 70. g4 Kf8 71. Rd7 hxg4+ 72. Kxg4 Ra4 73. Kf3 Ke8 74. Rg7 Ra6 75. Kg4 Kf8 76. Rc7 Ra4 77. Kf3 Ra1 78. Rc5 Rh1 79. Bf2 Rh3+ 80. Kg2 Ra3 81. Rxe5 Kf7 82. Rg5 Ra4 83. Kf3 Ra3+ 84. Be3 Ra1 85. Rb5 Rf1+ 86. Bf2 Ra1 87. Rb6 Ra3+ 88. Be3 Ra1 89. e5 Ra4 90. Rf6+ Kg7 91. Rf4 Ra8 92. e6 Ra6 93. Bd4+ Kg8 94. e7 Re6 95. Rf8+ Kh7 96. Rh8# 1-0


[Site "https://www.chess.com"]

[Event "Titled Tuesday Blitz April 26 Late 2022"]
[White "D`Arruda, Ricardo D."]
[Black "Harish, Neeraj"]
[WhiteFideId "100692"]
[BlackFideId "30958130"]
[WhiteElo "2371"]
[BlackElo "1574"]
[Result "1-0"]
[Round "06"]
[TimeControl "180+1"]
[Date "2022.04.26"]
[WhiteClock "0:01:20"]
[BlackClock "0:00:11"]

1. d4 d5 2. Nf3 Nf6 3. g3 e6 4. Bg2 Be7 5. O-O O-O 6. c4 dxc4 7. Ne5 Nc6 8. Nxc6 bxc6 9. Nc3 Rb8 10. Bxc6 Bb7 11. Bxb7 Rxb7 12. Qa4 Rb4 13. Qxa7 Nd5 14. e4 Nb6 15. Rd1 Bf6 16. Qa5 Qe7 17. e5 Ra8 18. exf6 gxf6 19. Qc5 1-0


[Site "https://www.chess.com"]

[Event "Titled Tuesday Blitz April 26 Late 2022"]
[White "Dahlgren, James Allen"]
[Black "Carrasco Miranda, Andres"]
[WhiteFideId "22256873"]
[BlackFideId "3405990"]
[WhiteElo "2085"]
[BlackElo "2177"]
[Result "0-1"]
[Round "06"]
[TimeControl "180+1"]
[Date "2022.04.26"]
[WhiteClock "0:00:01"]
[BlackClock "0:00:29"]

1. d3 g6 2. f4 Bg7 3. Nf3 c5 4. g3 Nc6 5. Bg2 d6 6. O-O e5 7. Nbd2 Nge7 8. e4 O-O 9. a4 f5 10. Nc4 Nd4 11. Nxd4 cxd4 12. b3 fxe4 13. dxe4 Be6 14. Ba3 Bxc4 15. bxc4 Rc8 16. Bh3 Rc7 17. Rb1 Kh8 18. Be6 Bh6 19. f5 Be3+ 20. Kg2 gxf5 21. exf5 Ng8 22. Qf3 b6 23. c3 Nf6 24. cxd4 Bxd4 25. Rbd1 Rg7 26. h3 Qc7 27. Rd3 e4 28. Qf4 Be5 29. Bxd6 Bxf4 30. Bxc7 Bxc7 31. Re3 Rd8 32. g4 h5 33. Rh1 Rd2+ 0-1


[Site "https://www.chess.com"]

[Event "Titled Tuesday Blitz April 26 Late 2022"]
[White "Deac, Bogdan-Daniel"]
[Black "Chigaev, Maksim"]
[WhiteFideId "1226380"]
[BlackFideId "4108116"]
[WhiteElo "2648"]
[BlackElo "2478"]
[Result "0-1"]
[Round "06"]
[TimeControl "180+1"]
[Date "2022.04.26"]
[WhiteClock "0:00:04"]
[BlackClock "0:00:07"]

1. e4 c5 2. Nf3 d6 3. d4 cxd4 4. Nxd4 Nf6 5. Nc3 a6 6. h3 e6 7. Bd3 Be7 8. f4 O-O 9. Qe2 b5 10. a3 Bb7 11. O-O Nc6 12. Be3 Nd7 13. Rad1 Nxd4 14. Bxd4 e5 15. fxe5 dxe5 16. Be3 Bc5 17. Qf2 Bxe3 18. Qxe3 Qb6 19. Qf2 Rfd8 20. Be2 Qxf2+ 21. Kxf2 Kf8 22. Ke3 g6 23. Nd5 Rac8 24. Bg4 Bxd5 25. Rxd5 Nb6 26. Rxd8+ Rxd8 27. Be6 Ke7 28. Bb3 f6 29. h4 h5 30. g3 a5 31. Ke2 Rd4 32. Ke3 Rd6 33. Ba2 a4 34. b4 Rc6 35. Kd3 Nc4 36. Bxc4 Rxc4 37. c3 Ke6 38. Rd1 f5 39. exf5+ gxf5 40. Kc2 Rg4 41. Rd8 Rxg3 42. Rb8 e4 43. Rxb5 Rg2+ 44. Kd1 f4 45. Rb8 f3 46. b5 Rg1+ 47. Kd2 f2 48. Rf8 f1=Q 0-1


[Site "https://www.chess.com"]

[Event "Titled Tuesday Blitz April 26 Late 2022"]
[White "Demchenko, Anton"]
[Black "Donchenko, Alexander"]
[WhiteFideId "4160258"]
[BlackFideId "24603295"]
[WhiteElo "2539"]
[BlackElo "2539"]
[Result "1-0"]
[Round "06"]
[TimeControl "180+1"]
[Date "2022.04.26"]
[WhiteClock "0:00:18"]
[BlackClock "0:00:24"]

1. e4 c6 2. d4 d5 3. e5 Bf5 4. Bd3 Bxd3 5. Qxd3 e6 6. c3 Nd7 7. Ne2 c5 8. O-O Ne7 9. Nd2 Nc6 10. Nf3 Be7 11. a3 a5 12. Be3 a4 13. Ng3 h5 14. h3 Qb6 15. Rab1 g6 16. Ne2 Kf8 17. Bg5 Kg7 18. Qe3 Rac8 19. Qf4 cxd4 20. cxd4 Qa6 21. Nc3 b5 22. Rbc1 Bxg5 23. Nxg5 Rhf8 24. g4 hxg4 25. hxg4 b4 26. axb4 Nxb4 27. Ra1 Nd3 28. Qd2 Nb4 29. Rxa4 Qd3 30. Qxd3 Nxd3 31. Ra7 Rfd8 32. Nb5 Ra8 33. Rfa1 Rxa7 34. Rxa7 Nf4 35. Nd6 Nf8 36. Rxf7+ Kg8 37. Rxf4 1-0


[Site "https://www.chess.com"]

[Event "Titled Tuesday Blitz April 26 Late 2022"]
[White "Domingo Nunez, Alejandro"]
[Black "Martin Barcelo, Carles"]
[WhiteFideId "22245561"]
[BlackFideId "24561444"]
[WhiteElo "2215"]
[BlackElo "1875"]
[Result "1-0"]
[Round "06"]
[TimeControl "180+1"]
[Date "2022.04.26"]
[WhiteClock "0:01:39"]
[BlackClock "0:01:01"]

1. Nf3 Nf6 2. g3 g6 3. b3 Bg7 4. Bb2 O-O 5. Bg2 d6 6. d4 b5 7. O-O Bb7 8. Re1 Nbd7 9. a4 a6 10. Nbd2 c5 11. e4 Qc7 12. d5 bxa4 13. bxa4 c4 14. Bd4 Rfc8 15. a5 Rab8 16. Bf1 c3 17. Nb3 Ne5 18. Nxe5 dxe5 19. Bb6 Qd7 20. Nc5 Rxc5 21. Bxc5 Ne8 22. Rb1 Qd8 23. Ba7 1-0


[Site "https://www.chess.com"]

[Event "Titled Tuesday Blitz April 26 Late 2022"]
[White "Donatti, Alvaro"]
[Black "Melikhov, Evgeny V."]
[WhiteFideId "3000303"]
[BlackFideId "4122046"]
[WhiteElo "2138"]
[BlackElo "1931"]
[Result "0-1"]
[Round "06"]
[TimeControl "180+1"]
[Date "2022.04.26"]
[WhiteClock "0:00:01"]
[BlackClock "0:00:17"]

1. e4 c5 2. Nf3 d6 3. c3 Nf6 4. Bc4 e6 5. Qe2 Be7 6. O-O O-O 7. d4 Qc7 8. Bf4 Nbd7 9. e5 Nd5 10. exd6 Bxd6 11. Bxd6 Qxd6 12. Nbd2 cxd4 13. Nxd4 N7f6 14. Ne4 Nxe4 15. Qxe4 Nf6 16. Qf3 a6 17. Rad1 Qc7 18. Bb3 Bd7 19. Rfe1 Bc6 20. Nxc6 bxc6 21. Rd4 Rfd8 22. Rc4 Rd6 23. g3 Rad8 24. Ba4 Nd5 25. Rh4 g6 26. Bb3 Qe7 27. Ra4 c5 28. Qe2 Qb7 29. Qe5 f6 30. Qe2 Kg7 31. Bc4 Nc7 32. b4 cxb4 33. Rxb4 Qc6 34. Reb1 R8d7 35. Rb7 Nb5 36. Rxd7+ Qxd7 37. Bxb5 axb5 38. Qxb5 Rd1+ 39. Kg2 Qxb5 40. Rxb5 Rc1 41. Rc5 Rc2 42. a4 e5 43. a5 Ra2 44. Rb5 e4 45. c4 e3 0-1


[Site "https://www.chess.com"]

[Event "Titled Tuesday Blitz April 26 Late 2022"]
[White "Drygalov, Andrey"]
[Black "Tari, Aryan"]
[WhiteFideId "24171735"]
[BlackFideId "1510045"]
[WhiteElo "2540"]
[BlackElo "2567"]
[Result "0-1"]
[Round "06"]
[TimeControl "180+1"]
[Date "2022.04.26"]
[WhiteClock "0:00:04"]
[BlackClock "0:00:07"]

1. e4 c5 2. Nf3 Nc6 3. Bb5 e6 4. Bxc6 bxc6 5. d3 d6 6. e5 Ne7 7. exd6 Nf5 8. Nc3 Bxd6 9. O-O O-O 10. Ne4 e5 11. b3 Be7 12. Ba3 Qa5 13. Bb2 f6 14. Qe1 Qxe1 15. Rfxe1 Nd4 16. Nxd4 cxd4 17. f4 Bb4 18. Rf1 f5 19. Nf2 c5 20. fxe5 Bb7 21. Rad1 Rae8 22. a3 Ba5 23. b4 cxb4 24. Bxd4 bxa3 25. Ra1 Bb4 26. c3 Be7 27. Bxa7 Ra8 28. Bd4 a2 29. c4 Rfd8 30. Bb2 Bc5 31. Rfd1 Ra4 32. d4 Bf8 33. e6 Rxc4 34. Rxa2 Rc2 35. Nd3 Rxg2+ 36. Kf1 Rxh2 37. Ra7 Rb8 38. Bc3 Bf3 39. Re1 Bd6 40. e7 Re8 41. Bb4 Bg3 0-1


[Site "https://www.chess.com"]

[Event "Titled Tuesday Blitz April 26 Late 2022"]
[White "Dubov, Daniil"]
[Black "Pichot, Alan"]
[WhiteFideId "24126055"]
[BlackFideId "110973"]
[WhiteElo "2791"]
[BlackElo "2579"]
[Result "1-0"]
[Round "06"]
[TimeControl "180+1"]
[Date "2022.04.26"]
[WhiteClock "0:00:47"]
[BlackClock "0:01:18"]

1. d4 Nf6 2. Nf3 d5 3. c4 e6 4. g3 Be7 5. Bg2 O-O 6. O-O dxc4 7. Qc2 a6 8. a4 Bd7 9. Bg5 Bc6 10. Rd1 h6 11. Bxf6 Bxf6 12. Nbd2 b5 13. e4 Nd7 14. b3 g6 15. bxc4 b4 16. Nb3 a5 17. e5 Bg7 18. d5 Bb7 19. dxe6 fxe6 20. Nh4 Bxg2 21. Kxg2 g5 22. Nc5 Nxc5 23. Rxd8 Raxd8 24. Ng6 Rf7 25. h4 Nd3 26. Rd1 Nf4+ 27. gxf4 1-0


[Site "https://www.chess.com"]

[Event "Titled Tuesday Blitz April 26 Late 2022"]
[White "Dudzinski, Pawel"]
[Black "Skliarov, Viktor"]
[WhiteFideId "1117890"]
[BlackFideId "14106736"]
[WhiteElo "2033"]
[BlackElo "2229"]
[Result "1-0"]
[Round "06"]
[TimeControl "180+1"]
[Date "2022.04.26"]
[WhiteClock "0:00:08"]
[BlackClock "0:00:06"]

1. e4 c5 2. Nc3 Nc6 3. g3 g6 4. Bg2 Bg7 5. d3 d6 6. f4 e6 7. Nf3 Nge7 8. O-O O-O 9. Be3 Nd4 10. Qd2 Nec6 11. Nd1 b5 12. c3 Nxf3+ 13. Bxf3 Bb7 14. d4 cxd4 15. cxd4 Na5 16. b3 Rc8 17. Nc3 a6 18. Rac1 Qd7 19. d5 exd5 20. Nxd5 Bxd5 21. Qxd5 Nc6 22. Rfd1 Nb4 23. Qxd6 Qxd6 24. Rxd6 Rxc1+ 25. Bxc1 Nxa2 26. Bd2 Nc3 27. Rxa6 Rd8 28. Bxc3 Bxc3 29. e5 b4 30. Rf6 Rd2 31. Bc6 g5 32. Be8 gxf4 33. gxf4 Bd4+ 34. Kh1 Rf2 35. Bxf7+ Kg7 36. Bd5 h5 37. Rf7+ Kg6 38. e6 h4 39. Be4+ Kh5 40. h3 Rf1+ 41. Kg2 Rf2+ 42. Kh1 Rf1+ 43. Kh2 Rf2+ 44. Bg2 Re2 45. f5 Be5+ 46. Kg1 Bg3 47. Bf3+ Kg5 48. Bxe2 1-0


[Site "https://www.chess.com"]